Unix NetHack Version 5.0.0-0 post-release - last build May  4 2026 22:22:43 (774f63e81ad911689b3a0859ea89b322d5daca8d,branch:main).

Game began 2026-05-09 15:39:41, ended 2026-05-09 16:39:00.

DeathOnAStick, neutral male human Tourist

                        ----------
        ----------      |........|                               ---------
        |........|      |.........###############################|.....(.|
        |........|     #|........|  # #----------------      #   |.......|
        |........+#    #|........| ####-..............-##########........|
        |.<......|####o#.o..{.....##  #|.........>....|    ###   |.......|
        --.----+--     o----------    #|..............| ####     |.......|
          #   ##       @d             #|...............##        -------.-
          ##  #         e#            #--------.-------                 #
           ######        ##     $     ####      #
              # #         #              ##########-----------
              # ##        #            $         ##|$........|
              #  #####    #                       #+....*....|
           ---|------$----#    $                   |..?.]....|
           |............>|#                        ----...----         ----
           |..$...........#                           |...|            |$$|
           |.`..._.......|                            |..[|            |$$|
           ---------------                            -----            ----
             #
DeathOnAStick the Excursionist  St:14 Dx:13 Co:13 In:7 Wi:10 Ch:16  Neutral S:2527
Dlvl:4  $:828 HP:0(47) Pw:31(31) AC:-1 Xp:6/388 T:4363 

Latest messages:
 You hit the dwarf zombie.
 You miss the dwarf zombie.
 You hit the dwarf zombie.
 You hit the dwarf zombie.
 The dwarf zombie misses!
 You hit the dwarf zombie.
 The dwarf zombie hits!
 You hit the dwarf zombie.
 You miss the dwarf zombie.
 You hit the dwarf zombie.
 What do you want to wield? [- abDT or ?*] a
 You are already wielding that!
 You miss the dwarf zombie.
 You destroy the dwarf zombie!
 There is a sink here.
 Suddenly, you notice a rock piercer.
 Fido misses the rock piercer.
 You hear some noises in the distance.
 You hit the floating eye.
 You are frozen by the floating eye's gaze!
 An Uruk-hai suddenly appears!
 An Uruk-hai suddenly appears!
 An Uruk-hai suddenly appears!
 Sting flickers light blue!
 You hear someone counting gold coins.
 Fido bites the floating eye.
 Fido is frozen by the floating eye's gaze!
 The Uruk-hai misses!
 The Uruk-hai misses!
 The Uruk-hai hits!
 The Uruk-hai hits!
 You hear someone cursing shoplifters.
 The Uruk-hai just misses!
 The Uruk-hai hits!
 The Uruk-hai hits!
 The Uruk-hai misses!
 The Uruk-hai hits!
 The Uruk-hai hits!
 The Uruk-hai hits!
 The Uruk-hai hits!
 The Uruk-hai hits!
 The Uruk-hai hits!
 The Uruk-hai hits!
 The Uruk-hai hits!
 You die...
 Do you want your possessions identified? [ynq] (y) y
 Do you want to see your attributes? [ynq] (y) y
 Do you want an account of creatures vanquished? [ynaq] (y) y
 Do you want to see your conduct and achievements? [ynq] (y) y
 Do you want to see the dungeon overview? [ynq] (y) y

Inventory:
 Coins    ('$')
  $ - 828 gold pieces
 Weapons  (')')
  b - 3 +2 darts (at the ready)
  D - 12 +0 darts
  T - 4 cursed -1 darts
  a - the cursed -1 Sting (weapon in right hand, flickering light blue)
 Armor    ('[')
  G - an uncursed +0 dwarvish iron helm (being worn)
  H - a blessed +2 pair of iron shoes (being worn)
  q - an uncursed +0 cloak of invisibility
  p - an uncursed +3 leather armor (being worn)
 Comestibles  ('%')
  W - 3 uncursed randomfruits
  U - an uncursed cream pie
  e - 3 uncursed food rations
  c - an uncursed pancake
  n - an uncursed giant spider egg
  N - an uncursed lizard corpse
 Scrolls  ('?')
  j - an uncursed scroll of magic mapping
 Potions  ('!')
  z - 6 uncursed potions of healing
  C - 3 uncursed potions of water
 Wands    ('/')
  Q - a wand of enlightenment (0:11)
  E - a wand of magic missile (0:6)
  R - a wand of magic missile (0:6)
  g - a wand of polymorph (0:5)
  I - a wand of slow monster (0:3)
  l - a wand of teleportation (0:3)
 Tools    ('(')
  v - an expensive camera (0:77)
  B - an uncursed magic whistle
  M - an uncursed oil lamp
  x - an uncursed skeleton key
  s - an uncursed towel
 Gems/Stones  ('*')
  A - an uncursed fluorite stone
  L - an uncursed worthless piece of black glass
  t - an uncursed worthless piece of white glass
  O - an uncursed worthless piece of yellowish brown glass

DeathOnAStick the Tourist's attributes:

Background:
 You were an Excursionist, a level 6 male human Tourist.
 You were neutral, on a mission for The Lady
 who was opposed by Blind Io (lawful) and Offler (chaotic).
 You were right-handed.
 You were in the Dungeons of Doom, on level 4.
 You entered the dungeon 4363 turns ago.
 You had 388 experience points, 252 more were needed to attain level 7.
 Your score was 2527 before end-of-game adjustments.

Basics:
 You had 0 out of 47 hit points.
 You had all 31 energy points (spell power).
 Your armor class was -1.
 Your wallet contained 828 zorkmids.
 Autopickup was off.

Final Characteristics:
 Your strength was 14 (limit:18/100).
 Your dexterity was 13 (limit:18).
 Your constitution was 13 (limit:18).
 Your intelligence was 7 (peak:13, limit:18).
 Your wisdom was 10 (limit:18).
 Your charisma was 16 (limit:18).

Final Status:
 You weren't hungry.
 You were unencumbered.
 You were wielding a dagger.
 You had basic skill with dagger.

Final Attributes:
 You were piously aligned.
 You were telepathic.
 You were aware of the presence of orcs.
 You were warded.
 You are dead.

Miscellaneous:
 You didn't encounter any bones levels.
 Total elapsed playing time was 59 minutes and 10 seconds.

Major events:
 Turn
    1: DeathOnAStick the neutral male human Tourist entered the dungeon
 1360: attained the rank of Sightseer (level 3)
 3147: entered the Gnomish Mines
 3247: chose a runed dagger to be named "Sting"
 3506: reached Mine Town
 4140: attained the rank of Excursionist (level 6)
 4363: killed by an Uruk-hai, while frozen by a floating eye's gaze

You didn't know any spells.

Skills:
 Fighting Skills
   bare handed combat [Unskilled]
   two weapon combat  [Unskilled]
   riding             [Unskilled]
 Weapon Skills
   dagger             [Basic]
   knife              [Unskilled]
   axe                [Unskilled]
   pick-axe           [Unskilled]
   short sword        [Unskilled]
   broadsword         [Unskilled]
   long sword         [Unskilled]
   two-handed sword   [Unskilled]
   saber              [Unskilled]
   mace               [Unskilled]
   morning star       [Unskilled]
   flail              [Unskilled]
   hammer             [Unskilled]
   quarterstaff       [Unskilled]
   polearms           [Unskilled]
   spear              [Unskilled]
   trident            [Unskilled]
   lance              [Unskilled]
   bow                [Unskilled]
   sling              [Unskilled]
   crossbow           [Unskilled]
   dart               [Basic]
   shuriken           [Unskilled]
   boomerang          [Unskilled]
   whip               [Unskilled]
   unicorn horn       [Unskilled]
 Spellcasting Skills
   divination spells  [Unskilled]
   enchantment spells [Unskilled]
   escape spells      [Unskilled]

Voluntary challenges:
 Character rerolling was not enabled.
 You never genocided any monsters.
 You never polymorphed an object.
 You never changed form.
 You used no wishes.
Achievements:
 You entered a shop.
 You attained the rank of Sightseer.
 You entered the Gnomish Mines.
 You entered Minetown.
 You entered a temple.
 You attained the rank of Excursionist.

 The Dungeons of Doom: levels 1 to 5
    Level 1:
    Level 2:
       A potion shop, a fountain.
    Level 3:
       A fountain.
    Level 4: <- You were here.
       A general store, an altar, a sink.
       Stairs down to The Gnomish Mines.
       Final resting place for
          you, killed by an Uruk-hai, while frozen by a floating eye's gaze.
    Level 5:
       Many fountains.
       Oracle of Delphi.
 The Gnomish Mines: levels 5 to 9
    Level 5:
    Level 6:
    Level 7:
    Level 8:
       Some shops, a temple and an altar, some fountains.
    Level 9:


Vanquished creatures:
  2 small mimics
  a watchman
  a lizard
 an imp
  5 Uruk-hai
  a rock piercer
  a rock mole
  a fog cloud
  a violet fungus
  5 gnome leaders
  2 gnomish wizards
  3 giant ants
  a floating eye
  3 dwarves
  a homunculus
  a kobold shaman
  3 rothes
  a giant bat
  a dwarf zombie
  a wererat
 an iguana
 an acid blob
  3 hobbits
  4 giant rats
  a green mold
 12 gnomes
  5 geckos
  5 jackals
  a fox
  2 grid bugs
  8 lichens
  3 kobold zombies
  3 newts
85 creatures vanquished.

No species were genocided or became extinct.

Game over:
                       ----------
                      /          \
                     /    REST    \
                    /      IN      \
                   /     PEACE      \
                  /                  \
                  |  DeathOnAStick   |
                  |      828 Au      |
                  |   killed by an   |
                  |     Uruk-hai     |
                  |                  |
                  |                  |
                  |       2026       |
                 *|     *  *  *      | *
        _________)/\\_//(\/(/\)/\//\/|_)_______

Aloha DeathOnAStick the Tourist...

You died in The Dungeons of Doom on dungeon level 4 with 2487 points,
and 828 pieces of gold, after 4363 moves.
You were level 6 with a maximum of 47 hit points when you died.

